 Dungeon Crawl Stone Soup version 0.17.2-1-ge4368a0 (webtiles) character file.

24602 Charly the Devastator (level 12, 34/59 HPs)
             Began as a Deep Elf Fire Elementalist on Aug 8, 2016.
             Was a High Priest of Vehumet.
             Quit the game on level 1 of the Swamp on Aug 31, 2016.
             The game lasted 01:45:41 (6002 turns).

Charly the Devastator (Deep Elf Fire Elementalist)  Turns: 6002, Time: 01:45:41

Health: 34/59      AC: 10    Str:  5    XL:     12   Next: 82%
Magic:  0/31       EV: 15    Int: 26    God:    Vehumet [*****.]
Gold:   755        SH:  0    Dex: 15    Spells: 5 memorised, 19 levels left

rFire  . . .     SeeInvis .     b - +0 scythe
rCold  . . .     Clarity  .     o - +3 leather armour of Cerghoir {rElec}
rNeg   . . .     SustAt   .     (shield currently unavailable)
rPois  .         Gourm    .     L - +0 helmet
rElec  +         Spirit   .     p - +0 cloak
rCorr  .         Warding  .     x - +1 pair of gloves
rMut   .         Stasis   .     (no boots)
MR     +....                    (no amulet)
Stlth  +++.......               n - +3 ring of evasion
                                I - ring of stealth

@: somewhat resistant to hostile enchantments, fairly stealthy
A: no striking features
a: Renounce Religion


You were on level 1 of the Swamp.
You worshipped Vehumet.
Vehumet was extremely pleased with you.
You were not hungry.

You visited 4 branches of the dungeon, and saw 27 of its levels.
You also visited: Ice Cave.

You collected 755 gold pieces.

Inventory:

Hand Weapons
 a - a +1 blowgun
 b - a +0 scythe (weapon)
Missiles
 P - 2 curare-tipped needles
 S - 8 poisoned needles
Armour
 o - the +3 leather armour of Cerghoir (worn) {rElec}
   (You found it on level 4 of the Dungeon)

   It insulates you from electricity.
 p - a +0 cloak (worn)
 x - a +1 pair of gloves (worn)
 L - a +0 helmet (worn)
Magical Staves
 w - an uncursed staff of poison
Jewellery
 f - an uncursed ring of protection from fire
 n - a +3 ring of evasion (right hand)
 I - a ring of stealth (left hand)
 K - an uncursed amulet of stasis
Wands
 j - a wand of hasting (6)
 C - a wand of slowing (41)
 J - a wand of confusion (26)
Scrolls
 e - 6 scrolls of remove curse
 g - a scroll of blinking
 s - 2 scrolls of holy word
 v - 3 scrolls of recharging
 R - a scroll of teleportation
Potions
 d - a potion of brilliance {unknown}
 i - 2 potions of flight
 l - 4 potions of lignification
 u - a potion of heal wounds
 A - a potion of magic
 D - a potion of agility
 E - a potion of haste
 N - 7 potions of curing
 O - 2 potions of might
 Q - a potion of berserk rage {unknown}
Books
 h - a book of Unlife

   Spells                             Type                      Level
   a - Recall                         Summoning/Translocation      3
   b - Animate Dead                   Necromancy                   4
   c - Control Undead                 Necromancy                   4
   d - Cigotuvi's Embrace             Necromancy                   5
   e - Death Channel                  Necromancy                   6
   f - Simulacrum                     Ice/Necromancy               6
 F - a book of Dreams

   Spells                             Type                      Level
   a - Ensorcelled Hibernation        Hexes/Ice                    2
   b - Phase Shift                    Translocation                5
   c - Shadow Creatures               Summoning                    5
   d - Silence                        Hexes/Air                    5
   e - Darkness                       Hexes                        6
   f - Mass Confusion                 Hexes                        6
 G - a book of Frost

   Spells                             Type                      Level
   a - Freeze                         Ice                          1
   b - Throw Frost                    Conjuration/Ice              2
   c - Ozocubu's Armour               Charms/Ice                   3
   d - Throw Icicle                   Conjuration/Ice              4
   e - Summon Ice Beast               Ice/Summoning                4
   f - Condensation Shield            Ice                          4
 H - an Akashic Record

   Spells                             Type                      Level
   a - Dispersal                      Translocation                6
   b - Malign Gateway                 Summoning/Translocation      7
   c - Disjunction                    Translocation                8
   d - Controlled Blink               Translocation                8
Miscellaneous
 z - a fan of gales (inert)
Comestibles
 c - 12 bread rations
 k - a meat ration


   Skills:
 - Level 2.4 Dodging
 - Level 2.4 Stealth
 + Level 13.9 Spellcasting
 * Level 16.0 Conjurations
 + Level 12.2 Fire Magic


You had 19 spell levels left.
You knew the following spells:

 Your Spells              Type           Power        Failure   Level  Hunger
b - Bolt of Fire          Conj/Fire      ######....   1%          6    ####...
c - Conjure Flame         Conj/Fire      ######..     1%          3    None
f - Flame Tongue          Conj/Fire      #####        0%          1    None
s - Sticky Flame          Conj/Fire      ######..     1%          4    None
B - Fireball              Conj/Fire      ######....   1%          5    ##.....


Dungeon Overview and Level Annotations

Branches:
Dungeon (15/15)            Temple (1/1) D:6            Lair (8/8) D:9
  Swamp (3/4) Lair:3       Spider (0/4) Lair:5        Slime (0/6) Lair:8
 Vaults (0/5) D:13
    Orc: D:9-12      Depths: D:15

Altars:
Ashenzari
Kikubaaqudgha
Qazlal
Ru
Sif Muna
Vehumet
Xom
Yredelemnul
Jiyva

Shops:
D:4 (

Portals:
Trove: D:15 (give 22 scrolls of identify)

Annotations:
D:4 Blork the orc, Dowan, Duvessa, Menkaure
D:12 Gastronok, Urug
D:13 exclusion: upstairs
Lair:4 Snorg
Swamp:2 exclusions: giant leech and upstairs


Message History

You are 82% of the way to level 13.
Play time: 01:44:36 (6002 turns) Save game and exit?
Welcome back, Charly the Deep Elf Fire Elementalist.
Vehumet says: Let it end in hellfire!
Press ? for a list of commands and other information.
Save game and exit?
Welcome back, Charly the Deep Elf Fire Elementalist.
Vehumet says: Let it end in hellfire!
Press ? for a list of commands and other information.
Drop what? 38/52 slots (_ for help) (? for menu, Esc to quit)
Okay, then.
Okay, then.
Read which item? (? for menu, Esc to quit)
Okay, then.
Save game and exit?
Welcome back, Charly the Deep Elf Fire Elementalist.
Vehumet says: Let it end in hellfire!
Press ? for a list of commands and other information.
Are you sure you want to abandon this character and quit the game? (Confirm with "yes".)

♣.≈♣.≈≈≈... (.≈.≈.≈..♣
♣.≈.≈≈≈≈.♣♣ ≈ ♣♣.≈..≈.§≈.♣≈.
.♣..≈≈≈≈≈≈≈.≈≈.
..≈...≈§§.≈≈...≈♣
....≈...≈...≈≈≈n§≈≈....≈♣♣
≈...≈.≈...≈...§@........≈♣
§..≈.....≈.♣♣.♣♣♣.♣....≈≈♣♣
.$♣..≈≈≈≈≈≈.♣..≈≈.♣....≈..♣
≈..≈≈≈≈≈≈≈≈≈.♣.≈♣♣♣.....≈.♣♣
≈..≈≈≈≈≈≈≈≈≈≈...♣...†≈≈≈≈..♣
.≈≈.≈≈≈≈.≈≈≈≈...≈..≈≈>≈≈≈≈≈≈♣
♣.≈≈≈≈≈.<.≈≈≈≈.≈.≈≈≈..≈≈≈≈≈≈≈
♣≈≈≈≈≈≈≈≈≈≈≈≈.≈≈..?≈≈.≈≈≈≈...
♣.≈≈≈≈≈≈≈≈≈≈≈.≈.≈w≈≈≈.≈≈...≈≈


You could see a bog body.

Vanquished Creatures
  A thorn hunter (Swamp:3)
  A hydra (Swamp:1)
  Erolcha (D:11)
  An alligator (Swamp:1)
  A tengu warrior (D:14)
  2 hill giants (D:14)
  4 harpies (D:15)
  An ugly thing (D:13)
  3 black mambas
  An elephant (D:9)
  5 spiny frogs
  A kobold demonologist (D:14)
  2 guardian mummies (D:15)
  2 komodo dragons
  A tengu conjurer (D:14)
  A troll (D:15)
  4 polar bears (D:11)
  A giant leech (Swamp:2)
  A bog body (Swamp:3)
  2 two-headed ogres (D:9)
  A yak (shapeshifter) (D:15)
  Sigmund (D:4)
  A deep elf mage (D:13)
  13 yaks
  A human (D:9)
  2 hippogriffs
  A shadow (D:14)
  A hog (D:12)
  A wolf (D:11)
  4 basilisks
  2 wyverns
  A swamp worm (Swamp:3)
  9 vampire mosquitoes
  2 porcupines
  6 water moccasins
  A necrophage (D:13)
  3 ice beasts
  5 orc warriors
  A hornet simulacrum (D:15)
  A swamp drake (Swamp:1)
  3 wasps
  A black bear (D:13)
  3 ogres
  5 centaurs
  10 giant frogs
  7 crocodiles
  A big kobold (D:10)
  5 scorpions
  A wyvern zombie (D:10)
  A killer bee (D:10)
  4 wights (D:9)
  An electric eel (Lair:3)
  4 hounds
  A wyvern simulacrum (D:11)
  A centaur zombie (D:12)
  A crimson imp (D:15)
  6 orc priests
  4 iguanas
  2 jellies
  7 orc wizards
  A sheep (D:9)
  7 worker ants
  A worker ant zombie (D:8)
  9 adders
  A gnoll (D:5)
  25 river rats
  14 white imps (D:11)
  An ufetubus (D:11)
  An ooze (D:2)
  28 orcs
  A ball python (D:2)
  3 giant cockroaches
  6 goblins
  7 jackals
  2 quokkas
  2 giant newts (D:2)
  8 kobolds
  A rat (D:3)
  A briar patch (Swamp:3)
280 creatures vanquished.

Vanquished Creatures (collateral kills)
  A kobold demonologist (D:11)
  A white imp (D:11)
2 creatures vanquished.

Vanquished Creatures (others)
  A spiny frog (Swamp:2)
  A vampire mosquito (Swamp:2)
  4 fungi
6 creatures vanquished.

Grand Total: 288 creatures vanquished

Notes
Turn   | Place    | Note
--------------------------------------------------------------
     0 | D:1      | Charly the Deep Elf Fire Elementalist began the quest for the Orb.
     0 | D:1      | Reached XP level 1. HP: 10/10 MP: 6/6
   147 | D:2      | Reached XP level 2. HP: 10/15 MP: 0/8
   166 | D:2      | Found an ancient bone altar of Kikubaaqudgha.
   385 | D:3      | Reached XP level 3. HP: 10/19 MP: 3/10
   405 | D:4      | Learned a level 3 spell: Conjure Flame
   407 | D:4      | Noticed Duvessa
   407 | D:4      | Noticed Dowan
   457 | D:4      | Noticed Menkaure
   508 | D:4      | Noticed an ogre
   522 | D:4      | Killed an ogre
   522 | D:4      | Reached skill level 4 in Spellcasting
   522 | D:4      | Reached XP level 4. HP: 16/24 MP: 1/12
   541 | D:4      | Found Nasinoi's Antique Weapon Shop.
   608 | D:4      | Noticed Sigmund
   617 | D:4      | Reached XP level 5. HP: 28/28 MP: 5/13
   618 | D:4      | Killed Sigmund
   618 | D:4      | Reached skill level 5 in Spellcasting
   618 | D:4      | Reached skill level 5 in Conjurations
   618 | D:4      | Reached XP level 6. HP: 32/32 MP: 4/15
   650 | D:4      | Got a steaming leather armour
   661 | D:4      | Identified the +3 leather armour of Cerghoir {rElec} (You found it on level 4 of the Dungeon)
   666 | D:4      | Learned a level 4 spell: Sticky Flame
   701 | D:4      | Noticed Blork the orc
   711 | D:5      | Entered Level 5 of the Dungeon
   800 | D:5      | Charly: ??draining
   800 | D:5      | beem: draining[1/1]: see {draining brand} or {drain status}
   800 | D:5      | Charly: ??draining brand
   800 | D:5      | beem: draining brand[1/2]: 1/2 chance of doing an additional (dam/4 + 3) damage (on average) and applying a debuff similar to a HD reduction which is stackable, refreshable, and lasts 20-30 turns. Checks rN and only works against natural enemies. Disliked by good gods.
   893 | D:6      | Found a staircase to the Ecumenical Temple.
   898 | Temple   | Entered the Ecumenical Temple
   908 | Temple   | Became a worshipper of Vehumet
   971 | D:7      | Found a stormy altar of Qazlal.
  1042 | D:8      | Reached skill level 5 in Fire Magic
  1042 | D:8      | Reached XP level 7. HP: 12/36 MP: 4/17
  1056 | D:9      | Noticed a two-headed ogre
  1062 | D:8      | jacquesderrida: Big mans' land
  1089 | D:8      | jacquesderrida: The home for All The Big Mans
  1109 | D:8      | Reached skill level 6 in Conjurations
  1260 | D:9      | Noticed an elephant
  1278 | D:8      | Noticed a hungry ghost
  1382 | D:7      | Reached skill level 7 in Conjurations
  1477 | D:8      | Reached XP level 8. HP: 41/41 MP: 10/20
  1513 | D:8      | Reached * piety under Vehumet
  1513 | D:8      | Offered knowledge of Sandblast by Vehumet.
  1520 | D:8      | Learned a level 5 spell: Fireball
  1583 | D:9      | Found a staircase to the Lair.
  1592 | Lair:1   | Entered Level 1 of the Lair of Beasts
  1690 | Lair:2   | Reached skill level 8 in Conjurations
  1791 | Lair:3   | Noticed a spiny frog
  1806 | Lair:3   | Killed a spiny frog
  1807 | Lair:3   | Reached skill level 9 in Conjurations
  1873 | Lair:4   | Noticed Snorg
  1875 | Lair:4   | Reached XP level 9. HP: 20/45 MP: 0/23
  1972 | Lair:3   | Noticed a spiny frog
  2098 | Lair:3   | Noticed a black mamba
  2098 | Lair:3   | Killed a spiny frog
  2108 | Lair:3   | Killed a black mamba
  2108 | Lair:3   | Reached skill level 10 in Conjurations
  2182 | Lair:5   | Found a hole to the Spider Nest.
  2210 | Lair:5   | Noticed an emperor scorpion
  2259 | Lair:6   | Noticed a komodo dragon
  2325 | Lair:7   | Noticed a komodo dragon
  2397 | Lair:8   | Entered Level 8 of the Lair of Beasts
  2398 | Lair:8   | Noticed a fire drake
  2407 | Lair:8   | Found a viscous altar of Jiyva.
  2408 | Lair:8   | Found a staircase to the Slime Pits.
  2447 | Lair:7   | Noticed a death yak
  2448 | Lair:7   | Noticed a death yak
  2448 | Lair:7   | Noticed a death yak
  2459 | Lair:6   | Reached skill level 11 in Conjurations
  2465 | Lair:6   | Offered knowledge of Sting by Vehumet.
  2465 | Lair:6   | Reached ** piety under Vehumet
  2483 | Lair:6   | Noticed a spiny frog
  2498 | Lair:6   | Killed a spiny frog
  2498 | Lair:6   | Reached XP level 10. HP: 40/50 MP: 3/25
  2519 | Lair:7   | Noticed a spiny frog
  2595 | Lair:5   | Reached skill level 10 in Spellcasting
  2598 | Lair:5   | Noticed a five-headed hydra
  2612 | Lair:6   | Noticed a death yak
  2616 | Lair:6   | Noticed a death yak
  2636 | Lair:6   | Noticed a death yak
  2637 | Lair:6   | Noticed a death yak
  2638 | Lair:6   | Noticed a death yak
  2638 | Lair:6   | Noticed a death yak
  2729 | Lair:3   | Noticed a black mamba
  2747 | Lair:3   | Noticed a komodo dragon
  2778 | Lair:2   | Noticed a spiny frog
  2786 | Lair:2   | Killed a spiny frog
  2850 | Lair:2   | Noticed a black mamba
  2858 | Lair:2   | Killed a black mamba
  2858 | Lair:2   | Reached skill level 12 in Conjurations
  2900 | Lair:3   | Found a staircase to the Swamp.
  2987 | Lair:3   | Killed a black mamba
  3077 | D:9      | Noticed a two-headed ogre
  3091 | D:9      | Killed a two-headed ogre
  3091 | D:9      | Offered knowledge of Searing Ray by Vehumet.
  3102 | D:10     | Entered Level 10 of the Dungeon
  3136 | D:10     | Reached *** piety under Vehumet
  3185 | D:11     | Found a frozen archway.
  3252 | IceCv    | Entered an ice cave
  3264 | D:12     | Noticed Gastronok
  3290 | D:11     | Offered knowledge of Static Discharge by Vehumet.
  3388 | D:11     | Reached XP level 11. HP: 42/54 MP: 12/28
  3507 | D:11     | Reached skill level 13 in Conjurations
  3561 | D:12     | Reached **** piety under Vehumet
  3581 | D:12     | Noticed Urug
  3602 | D:11     | Noticed Erolcha
  3665 | D:14     | Reached skill level 10 in Fire Magic
  3667 | D:14     | Noticed a hill giant
  3688 | D:13     | Found a gate to the Vaults.
  3789 | D:12     | Noticed a deep troll earth mage
  4023 | D:13     | Offered knowledge of Olgreb's Toxic Radiance by Vehumet.
  4141 | D:14     | Noticed a tengu warrior
  4147 | D:14     | Killed a tengu warrior
  4171 | D:14     | Noticed a tengu warrior
  4351 | D:14     | Killed a hill giant
  4412 | D:14     | Reached skill level 14 in Conjurations
  4459 | D:15     | Entered Level 15 of the Dungeon
  4477 | D:14     | Found a sacrificial altar of Ru.
  4670 | D:14     | Noticed a hill giant
  4745 | D:14     | Killed a hill giant
  4795 | D:15     | Reached XP level 12. HP: 52/59 MP: 10/30
  4873 | D:15     | Found a portal to a secret trove of treasure.
  4882 | D:15     | HP: 2/59 [guardian mummy's death curse (27)]
  5128 | D:11     | Killed Erolcha
  5128 | D:11     | Reached skill level 15 in Conjurations
  5152 | D:11     | Reached ***** piety under Vehumet
  5412 | D:9      | Killed a two-headed ogre
  5435 | D:9      | Offered knowledge of Bolt of Fire by Vehumet.
  5452 | D:9      | Learned a level 6 spell: Bolt of Fire
  5468 | D:9      | Killed an elephant
  5478 | D:9      | Noticed a human
  5485 | D:9      | Killed a human
  5498 | Lair:1   | Identified a scroll of acquirement
  5549 | Swamp:1  | Entered Level 1 of the Swamp
  5549 | Swamp:1  | Noticed a seven-headed hydra
  5551 | Swamp:1  | Killed a seven-headed hydra
  5565 | Swamp:1  | Noticed a four-headed hydra
  5698 | Swamp:2  | Noticed an eight-headed hydra
  5740 | Swamp:3  | Noticed a thorn hunter
  5751 | Swamp:3  | Killed a thorn hunter
  5987 | Swamp:2  | Reached skill level 16 in Conjurations
  5991 | Swamp:2  | Noticed an eight-headed hydra
  6002 | Swamp:1  | Quit the game

Action                   |  1- 3 |  4- 6 |  7- 9 | 10-12 || total
-------------------------+-------+-------+-------+-------++-------
Melee: Unarmed           |     8 |       |       |       ||     8
       Short sword       |       |     1 |     5 |    18 ||    24
       Scythe            |       |       |    10 |    44 ||    54
       Staff             |       |       |       |     1 ||     1
 Fire: Blowgun           |       |       |       |    15 ||    15
 Cast: Flame Tongue      |    39 |    33 |   110 |   199 ||   381
       Conjure Flame     |     2 |       |     5 |     9 ||    16
       Sticky Flame      |       |     5 |    33 |    52 ||    90
       Fireball          |       |       |     3 |    64 ||    67
       Bolt of Fire      |       |       |       |    20 ||    20
Evoke: Wand              |       |       |     9 |    11 ||    20
       Fan of gales      |       |       |       |     1 ||     1
  Use: Potion            |       |     1 |       |     7 ||     8
       Scroll            |       |     6 |     5 |    18 ||    29
  Eat: Pizza             |       |       |     2 |     1 ||     3
       Meat ration       |       |       |     1 |     3 ||     4
       Chunk             |       |       |       |     2 ||     2
       Beef jerky        |       |       |       |     1 ||     1
       Fruit             |       |       |       |     3 ||     3
